 Dungeon Crawl Stone Soup version 0.27.1-33-g824d729ab1 (webtiles) character file.

Game seed: 13788937317979888350

25 SensoryNuts the Twirler (level 2, 0/22 HPs)
             Began as a Demonspawn Gladiator on Dec 6, 2021.
             Frozen to death by an endoplasm (2 damage)
             ... on level 2 of the Dungeon.
             The game lasted 00:01:13 (1218 turns).

SensoryNuts the Twirler (Demonspawn Gladiator)      Turns: 1218, Time: 00:01:14

Health: 0/22       AC:  4    Str: 14    XL:     2   Next: 86%
Magic:  1/1        EV: 12    Int:  9    God:
Gold:   38         SH:  0    Dex: 14    Spells: 1/1 levels left

rFire    . . .     SeeInvis .   a - +0 quarterstaff
rCold    . . .     Faith    .   (shield currently unavailable)
rNeg     . . .     Spirit   .   b - +0 leather armour
rPois    .         Reflect  .   c - +0 helmet
rElec    .         Harm     .   (no cloak)
rCorr    .         Rampage  .   (no gloves)
Will     .....                  (no boots)
Stlth    +.........             (no amulet)
HPRegen  0.07/turn              (no ring)
MPRegen  0.07/turn              (no ring)

@: unable to read
A: demonic magic 1, low mp 1, inability to read while threatened, MP-powered
wands
a: no special abilities


You were on level 2 of the Dungeon.
You visited 1 branch of the dungeon, and saw 2 of its levels.

You collected 38 gold pieces.

Inventory:

Hand Weapons
 a - a +0 quarterstaff (weapon)
Missiles
 d - 2 throwing nets (quivered)
Armour
 b - a +0 leather armour (worn)
 c - a +0 helmet (worn)
Magical Staves
 j - a staff of air
Jewellery
 g - a ring of magical power
Scrolls
 e - a scroll of enchant armour {unknown}
 i - 3 scrolls of identify {unknown}
 k - a scroll of enchant weapon {unknown}
Potions
 h - a potion of resistance {unknown}


   Skills:
 + Level 2.1 Fighting
 + Level 3.2 Staves
 + Level 1.9 Throwing
 + Level 3.1 Dodging
 + Level 0.1 Stealth


You had one spell level left.
You didn't know any spells.
Your spell library was empty.

Dungeon Overview and Level Annotations

Branches:
Dungeon (2/15)

Altars:


Innate Abilities, Weirdness & Mutations

Spells you cast may paralyse adjacent enemies.
Your magical capacity is low. (-10% MP)
You sometimes lose the ability to read scrolls when taking damage.
You expend magic power (3 MP) to strengthen your wands.


Message History

The jackal bites you.
You closely miss the jackal. The jackal barely misses you.
The jackal bites you. The jackal barely misses you.
You closely miss the jackal. The jackal barely misses you.
The jackal bites you but does no damage.
The jackal completely misses you. The jackal barely misses you.
The jackal bites you but does no damage.
The jackal closely misses you.
You closely miss the jackal.
The jackal bites you but does no damage.
The jackal barely misses you. The jackal misses you. The endoplasm hits you.
The jackal misses you. The jackal closely misses you.
You thump the jackal!
You kill the jackal!
The jackal closely misses you. The endoplasm barely misses you.
The jackal closely misses you. x2
You hit the ball python.
You kill the ball python!
The jackal bites you but does no damage.
The jackal barely misses you. The endoplasm closely misses you.
The jackal misses you. The jackal bites you. The endoplasm freezes you.
You are frozen.
The endoplasm hits you but does no damage.
You barely miss the jackal. The jackal barely misses you. The jackal bites you.
The jackal bites you but does no damage.
The jackal bites you.
* * * LOW HITPOINT WARNING * * *
The endoplasm freezes you.
You are frozen.
* * * LOW HITPOINT WARNING * * *
It was a potion of mutation.
You feel extremely strange.
You lose the ability to read scrolls when threatened.
You feel less energetic.
You feel your magical essence link to the dungeon's wands.
The jackal misses you. The jackal barely misses you. The endoplasm freezes you.
You are frozen.
You feel threatened and lose the ability to read scrolls!
You die...

# ######
.####....
.......
###...### # #
#G#...#G# .#
#.###@h.###..#
#....Jh......#
#....._......#
#............#
#..###...###..#
#..#G#...#G#...#
#. ###...### ...
# ..... ##
......


You could see a great orb of eyes, 2 floating eyes, a golden eye, an endoplasm
and 2 jackals.

Vanquished Creatures
  5 ball pythons
  4 endoplasms (D:1)
  A giant cockroach (D:1)
  2 goblins (D:1)
  A hobgoblin (D:1)
  A jackal (D:2)
  2 kobolds (D:1)
  A bat (D:1)
  2 frilled lizards (D:1)
  5 rats (D:1)
24 creatures vanquished.

Notes
Turn   | Place    | Note
-------+----------+-------------------------------------------
     0 | D:1      | SensoryNuts the Demonspawn Gladiator began the quest for
                  | the Orb.
     0 | D:1      | Reached XP level 1. HP: 16/16 MP: 1/1
   127 | D:1      | Gained mutation: Spells you cast may paralyse adjacent
                  | enemies. [demonic ancestry]
   127 | D:1      | Reached XP level 2. HP: 22/22 MP: 2/2
  1205 | D:2      | Noticed a golden eye
  1205 | D:2      | Noticed a floating eye
  1205 | D:2      | Noticed a great orb of eyes
  1205 | D:2      | Noticed a floating eye
  1205 | D:2      | Found a faded altar of an unknown god.
  1218 | D:2      | Gained mutation: You sometimes lose the ability to read
                  | scrolls when taking damage. [potion of mutation]
  1218 | D:2      | Gained mutation: Your magical capacity is low. (-10% MP)
                  | [potion of mutation]
  1218 | D:2      | Gained mutation: You expend magic power (3 MP) to
                  | strengthen your wands. [potion of mutation]
  1218 | D:2      | Frozen to death by an endoplasm

Illustrated notes

Levels and vault maps discovered:
D:1:      dpeg_arrival_lava_temple_mockup, layout_basic
D:2:      layout_rooms, hellmonk_ecumenical_altar_watching_god,
          chequers_serial_rivers_micro_d, minmay_rat_hole

Skill      XL: |  1  2 |
---------------+-------+-----
Dodging        | 3 |  3.1
Staves         | 3 |  3.2
Fighting       | |  2.1
Throwing       | |  1.9
Stealth        | |  0.1

Action                   || total
-------------------------++-------
Melee: Quarterstaff      ||    63
Throw: Throwing net      ||     4
  Use: Potion            ||     1
Armor: Leather armour    ||    33
Dodge: Dodged            ||    80
